 Dungeon Crawl Stone Soup version 0.27-a0-1442-g87b6fcb595 (webtiles) character file.

Game seed: 9831097750898741334

154 2FriedEggs the Stinger (level 5, 31/31 HPs)
             Began as an Octopode Venom Mage on July 4, 2021.
             Quit the game on level 3 of the Dungeon.
             The game lasted 00:11:19 (3713 turns).

2FriedEggs the Stinger (Octopode Venom Mage)        Turns: 3713, Time: 00:11:19

Health: 31/31      AC:  1    Str:  7    XL:     5   Next: 36%
Magic:  8/8        EV: 13    Int: 19    God:
Gold:   167        SH:  0    Dex: 12    Spells: 2/8 levels left

rFire    . . .     SeeInvis .   d - +0 short sword (elec)
rCold    . . .     Faith    .   (no shield)
rNeg     . . .     Spirit   .   (helmet restricted)
rPois    .         Reflect  .   (no amulet)
rElec    .         Harm     .   (no ring)
rCorr    .         Rampage  .   (no ring)
Will     .....                  (no ring)
Stlth    +++.......             (no ring)
HPRegen  0.10/turn              (no ring)
MPRegen  0.11/turn              (no ring)
                                (no ring)
                                (no ring)

@: no status effects
A: almost no armour, amphibious, 8 rings, camouflage 1, gelatinous body 1,
(nimble swimmer 1), tentacles
a: no special abilities


You were on level 3 of the Dungeon.
You visited 1 branch of the dungeon, and saw 3 of its levels.

You collected 167 gold pieces.

Inventory:

Hand Weapons
 c - a +1 dagger of protection
 d - a +0 short sword of electrocution (weapon)
Missiles
 i - 7 curare-tipped darts
Wands
 n - a wand of paralysis (3)
Scrolls
 a - a scroll of blinking {unknown}
 e - a scroll of enchant weapon {unknown}
 h - a scroll of acquirement {unknown}
 m - a scroll of fear {unknown}
 o - a scroll of noise {unknown}
Potions
 b - a potion of degeneration {unknown}
 f - a potion of magic {unknown}
 g - 2 potions of curing {unknown}
 j - a potion of heal wounds {unknown}
 k - a potion of resistance {unknown}
 l - 2 potions of brilliance {unknown}


   Skills:
 - Level 2.0 Dodging
 - Level 2.6 Stealth
 - Level 2.0 Spellcasting
 - Level 2.0 Conjurations
 - Level 2.0 Transmutations
 * Level 2.8 Air Magic
 + Level 4.8 Poison Magic


You had 2 spell levels left.
You knew the following spells:

 Your Spells              Type           Power      Damage    Failure   Level
a - Sting                 Tmut/Pois      56%        1d5       4%          1
b - Poisonous Vapours     Pois/Air       32%        N/A       5%          2
c - Mephitic Cloud        Conj/Pois/Air  14%        N/A       14%         3

Your spell library contained the following spells:

 Spells                   Type           Power      Damage    Failure   Level
 Animate Skeleton         Necr           2%         N/A       17%         1
 Apportation              Tloc           2%         N/A       17%         1
 Corona                   Hex            1%         N/A       17%         1
 Freeze                   Ice            4%         1d3       17%         1
 Summon Small Mammal      Summ           4%         N/A       17%         1
 Passwall                 Tmut/Erth      4%         N/A       17%         2
 Blink                    Tloc           N/A        N/A       26%         2
 Olgreb's Toxic Radiance  Pois           20%        N/A       24%         4
 Stone Arrow              Conj/Erth      10%        3d7       32%         3
 Call Canine Familiar     Summ           1%         N/A       45%         3
 Lesser Beckoning         Tloc           0%         N/A       45%         3
 Summon Guardian Golem    Hex/Summ       1%         N/A       45%         3
 Borgnjor's Vile Clutch   Necr/Erth      0%         N/A       99%         5
 Manifold Assault         Tloc           1%         N/A       99%         5
 Ozocubu's Refrigeration  Ice            0%         4d5       100%        7


Dungeon Overview and Level Annotations

Branches:
Dungeon (3/15)

Altars:
Sif Muna
Xom


Innate Abilities, Weirdness & Mutations

You cannot wear most types of armour.
You are amphibious.
You can wear up to eight rings at the same time.
Your skin changes colour to match your surroundings (Stealth+).
Your rubbery body absorbs attacks. (AC +1, EV +1)
((You are camouflaged near water. (Stealth+)))
You have tentacles for arms and can constrict up to eight enemies at once.


Message History

You kill the goblin!
You feel sick.
No target in view!
You feel sick.
You see here a +0 club.
No target in view!
No target in view!
You feel sick.
You see here a giant cockroach corpse.
You feel sick.
You are no longer poisoned.
You see here a giant cockroach corpse.
You see here a +0 club.
You start resting.
Magic restored.
You start resting.
HP restored.
Okay, then.
You see here a hobgoblin corpse.
Okay, then.
Okay, then.
Unknown command.
You see here a hobgoblin corpse.
You see here a +0 club.
You see here a giant cockroach corpse.
Found the Almanac of the Dusty Glacier.
You pick up a book of Callings and begin reading...
You add the spells Call Canine Familiar and Summon Guardian Golem to your library.
You pick up the Almanac of the Dusty Glacier and begin reading...
You add the spells Freeze, Passwall, Stone Arrow, Borgnjor's Vile Clutch and Ozocubu's Refrigeration to your library.
You see here a giant cockroach corpse.
You see here a +0 club.
You see here a hobgoblin corpse.
There is a stone staircase leading up here.
Done exploring.
Done exploring.
Done exploring.
Done exploring.
Okay, then.
Are you sure you want to abandon this character and quit the game? (Confirm with "yes".)

#.....###........# ##
#................####
#.....###............
#####.#..>...........
#...#........####
##..#...)....# #
###....#####.## #
####...##.#####..## #
#...@...).........###
##########.#####.....
#.# ####.. #.# ##.
#.# #. #############
#............
#..#...#...#.
#_...........


There were no monsters in sight!

Vanquished Creatures
  Ijyb (D:3)
  An iguana (D:2)
  3 adders
  2 worms
  An orc (D:3)
  8 bats
  4 endoplasms
  2 giant cockroaches
  6 goblins
  11 hobgoblins
  7 jackals (D:2)
  8 kobolds
  3 quokkas
  3 ball pythons
  A frilled lizard (D:2)
  2 rats (D:1)
63 creatures vanquished.

Notes
Turn   | Place    | Note
-------+----------+-------------------------------------------
     0 | D:1      | 2FriedEggs the Octopode Venom Mage began the quest for the
                  | Orb.
     0 | D:1      | Reached XP level 1. HP: 11/11 MP: 3/3
   216 | D:1      | Found a faded altar of an unknown god.
   289 | D:1      | Reached XP level 2. HP: 17/17 MP: 1/5
   292 | D:1      | Learned a level 2 spell: Poisonous Vapours
   382 | D:1      | Reached skill level 4 in Poison Magic
  1145 | D:1      | Reached skill level 1 in Air Magic
  1207 | D:1      | Reached XP level 3. HP: 10/21 MP: 0/6
  1427 | D:1      | Learned a level 3 spell: Mephitic Cloud
  1584 | D:2      | Reached skill level 1 in Conjurations
  1584 | D:2      | Reached XP level 4. HP: 26/27 MP: 0/7
  2441 | D:2      | Found a shimmering altar of Xom.
  3307 | D:3      | Found a shimmering blue altar of Sif Muna.
  3355 | D:3      | Noticed Ijyb
  3357 | D:3      | Paralysed by Ijyb for 5 turns
  3366 | D:3      | Paralysed by Ijyb for 4 turns
  3369 | D:3      | Killed Ijyb
  3370 | D:3      | Reached XP level 5. HP: 26/31 MP: 1/8
  3673 | D:3      | Got the Almanac of the Dusty Glacier
  3713 | D:3      | Quit the game

Illustrated notes

Levels and vault maps discovered:
D:1:      heliophobic_arrival_battle_scene, layout_loops_ring,
          hellmonk_ecumenical_altar_zigzags, st_stairs_4,
          kennysheep_pointless_box, serial_bayou_lagoon_b
D:2:      layout_loops_cross, basic_altar, minmay_pentomino_q4
D:3:      layout_rooms, lemuel_coloured_pillars_altar, item_on_display_a,
          uniq_ijyb

Skill      XL: |  1  2  3  4 |
---------------+-------------+-----
Poison Magic   | 4 |  4.8
Air Magic      | 1 2 |  2.8
Transmutations | 2 |  2.0
Conjurations   | 1 2 |  2.0
Dodging        | |  2.0
Stealth        | |  2.6
Spellcasting   | |  2.0

Action                   |  1- 3 |  4- 6 || total
-------------------------+-------+-------++-------
Melee: Dagger            |    28 |     2 ||    30
       Constrict         |     8 |    16 ||    24
       Tentacles         |     7 |     6 ||    13
       Short sword       |       |    55 ||    55
 Cast: Sting             |    21 |    10 ||    31
       Poisonous Vapours |     6 |    31 ||    37
  Use: Potion            |     1 |       ||     1
 Stab: Sleeping          |     4 |     3 ||     7
Armor: Skin              |     6 |     7 ||    13
Dodge: Dodged            |    28 |    50 ||    78

Table legend: (Time is in decaauts)
 A = Elapsed time spent in this place.
 B = Non-inter-level travel time spent in this place.
 C = Inter-level travel time spent in this place.
 D = Time resting spent in this place.
 E = Time spent auto-exploring this place.
 F = Levels seen in this place.
 G = Mean time per level.
                   A        B        C        D        E       F      G
               +--------+--------+--------+--------+--------+-----+--------+
         Total |   3720 |   3614 |    106 |    547 |   2443 |   3 | 1240.0 |
       Dungeon |   3720 |   3614 |    106 |    547 |   2443 |   3 | 1240.0 |
               +--------+--------+--------+--------+--------+-----+--------+

Top non-repeatable levels by time:
     D:1: 1543 daAuts
     D:2: 1290 daAuts
     D:3: 886 daAuts
